 Dungeon Crawl Stone Soup version 0.25-a0-701-gb30f108f01 (webtiles) character file.

Game seed: 86449978790720961, levelgen mode: deterministic

17 kae the Ruffian (level 2, -3/23 HPs)
             Began as a Draconian Transmuter on Apr 3, 2020.
             Slain by a gnoll
             ... wielding a +0 flail
              (13 damage)
             ... on level 1 of the Dungeon.
             The game lasted 00:00:25 (175 turns).

kae the Ruffian (Draconian Transmuter)               Turns: 175, Time: 00:00:25

Health: -3/23      AC:  4    Str: 12    XL:     2   Next: 44%
Magic:  5/5        EV: 12    Int: 13    God:
Gold:   9          SH:  0    Dex: 11    Spells: 4/5 levels left

rFire    . . .     SeeInvis .     - Unarmed
rCold    . . .     Gourm    .   (no shield)
rNeg     . . .     Faith    .   (armour unavailable)
rPois    .         Spirit   .   (helmet restricted)
rElec    .         Reflect  .   (no cloak)
rCorr    .         Harm     .   (no gloves)
MR       .....                  (no boots)
Stlth    +.........             (no amulet)
HPRegen  0.07/turn              (no ring)
MPRegen  0.09/turn              (no ring)

@: no status effects
A: unfitting armour, cold-blooded, AC +4
a: no special abilities


You were on level 1 of the Dungeon.
You were not hungry.

You visited 1 branch of the dungeon, and saw 1 of its levels.

You collected 9 gold pieces.

Inventory:

Missiles
 a - 12 arrows
Potions
 d - a potion of resistance {unknown}
Comestibles
 b - 4 chunks of flesh
 c - a ration


   Skills:
 - Level 1.1 Fighting
 - Level 1.7 Dodging
 * Level 3.4 Unarmed Combat
 + Level 2.2 Spellcasting
 + Level 2.2 Transmutations


You had 4 spell levels left.
You knew the following spells:

 Your Spells              Type           Power        Failure   Level  Hunger
a - Beastly Appendage     Tmut           #.....       10%         1    ##.....

Your spell library contained the following spells:

 Spells                   Type           Power        Failure   Level  Hunger
 Sticks to Snakes         Tmut           #.......     14%         2    ###....
 Spider Form              Tmut/Pois      #.........   43%         3    ####...
 Ice Form                 Ice/Tmut       #.......     83%         4    #####..
 Blade Hands              Tmut           #.........   95%         5    ######.


Dungeon Overview and Level Annotations

Branches:
Dungeon (1/15)

Altars:


Innate Abilities, Weirdness & Mutations

Your plain brown scales are hard. (AC +4)
You cannot fit into any form of body armour.
You are cold-blooded and may be slowed by cold attacks.


Message History

You closely miss the bat. The bat closely misses you.
The bat hits you but does no damage.
You hit the bat but do no damage. The bat barely misses you.
The bat hits you but does no damage.
You closely miss the bat. You claw the bat.
You kill the bat!
You hit the rat.
You kill the rat!
You closely miss the goblin. The goblin hits you with a +0 club.
You closely miss the goblin. The goblin hits you with a +0 club.
A bat comes into view.
You hit the goblin but do no damage. You closely miss the goblin.
You claw the goblin.
You kill the goblin!
You hit the gnoll. You claw the gnoll.
The gnoll is heavily wounded.
Your talons disappear.
The gnoll hits you with a +0 flail!
Ouch! That really hurt!
You die...

##.####.###
#.........# #.
#.........######
##$.
..........>..... ...
....####..###### #..
##. #..# #.# ..
##..# #.# #
#...########b###.#.#
#.........@gJ....$..
#...#####.##.###.#.#
#(..# #.##.# # #
#...# #.##.# # #.
#...# #.##?# #
#.##...# #.##.# ###
#.#(..# #.##.#
##.###..).# #.##.#
###.#.#.#.# #..


You could see a gnoll, an ooze and a bat.

Vanquished Creatures
  2 dart slugs (D:1)
  3 giant cockroaches (D:1)
  A hobgoblin (D:1)
  3 kobolds (D:1)
  A bat (D:1)
  A frilled lizard (D:1)
  A goblin (D:1)
  2 rats (D:1)
14 creatures vanquished.

Notes
Turn   | Place    | Note
-------+----------+-------------------------------------------
     0 | D:1      | kae the Draconian Transmuter began the quest for the Orb.
     0 | D:1      | Reached XP level 1. HP: 16/16 MP: 3/3
    74 | D:1      | Reached XP level 2. HP: 19/23 MP: 3/5
   175 | D:1      | Slain by a gnoll

Levels and vault maps discovered:
D:1:      dpeg_arrival_simpleton_b, layout_loops_ring, st_stairs_12

Action                   || total
-------------------------++-------
Melee: Unarmed           ||    50
       Tailslap          ||     6
       Kick              ||     5
       Headbutt          ||     1
 Cast: Beastly Appendage ||     4
Armor: Skin              ||    19
Dodge: Dodged            ||    20

Table legend:
 A = Non-vault XP
 B = Vault XP
 C = Vault XP percentage of total XP
 D = Non-vault monster count
 E = Vault monster count
 F = Vault count percentage of total count
                 A         B        C        D         E       F
            +---------+---------+-------+---------+---------+-------
      Total |      24 |       1 |   4.0 |      13 |       1 |   7.1
            +---------+---------+-------+---------+---------+-------
        D:1 |      24 |       1 |   4.0 |      13 |       1 |   7.1
            +---------+---------+-------+---------+---------+-------
